[Event "Titled Tuesday Blitz May 2 Early 2023"]
[White "Levitan, Caleb Levi"]
[Black "Rios Escobar, Adan"]
[WhiteFideId "14332620"]
[BlackFideId "3403645"]
[WhiteElo "1963"]
[BlackElo "2234"]
[Result "1-0"]
[Round "03"]
[TimeControl "180+2"]
[Date "2023.05.02"]
[WhiteClock "0:00:10"]
[BlackClock "0:00:01"]

1. e4 c5 2. Nf3 d6 3. d4 cxd4 4. Nxd4 Nf6 5. Nc3 a6 6. Bc4 e6 7. Bb3 b5 8. Qf3 Bb7 9. Bg5 Nbd7 10. O-O-O b4 11. Nd5 exd5 12. exd5 Be7 13. Nf5 O-O 14. Qg3 Ne4 15. Nxe7+ Qxe7 16. Bxe7 Nxg3 17. hxg3 Rfc8 18. Bxd6 Nc5 19. Bxc5 Rxc5 20. d6 Rd8 21. Rhe1 Bc6 22. Re7 Rf5 23. f4 Kf8 24. Rc7 Bb5 25. a4 bxa3 26. bxa3 Rf6 27. a4 Be8 28. d7 Bxd7 29. Rdxd7 Rxd7 30. Rxd7 h6 31. Bc4 1-0


[Site "https://www.chess.com"]

[Event "Titled Tuesday Blitz May 2 Early 2023"]
[White "Bychkov, Vladimir"]
[Black "Thiel, Thomas"]
[WhiteFideId "24151513"]
[BlackFideId "4615964"]
[WhiteElo "2224"]
[BlackElo "2234"]
[Result "1-0"]
[Round "03"]
[TimeControl "180+2"]
[Date "2023.05.02"]
[WhiteClock "0:00:48"]
[BlackClock "0:00:23"]

1. e4 d5 2. e5 Bf5 3. g4 Bg6 4. f4 e6 5. Ne2 Be4 6. Rg1 Qh4+ 7. Rg3 Qxh2 8. d3 Be7 9. dxe4 Bh4 10. Qd3 dxe4 11. Qb3 Nc6 12. Nd2 O-O-O 13. Nxe4 Nd4 14. Bg2 Nxb3 15. axb3 Ne7 16. Kf2 Nd5 17. Rxa7 Kb8 18. Ra5 Bxg3+ 19. N4xg3 Qh4 20. c4 Nb6 21. Be3 Qxg4 22. Ne4 Rd3 23. Bf3 Qh4+ 24. N2g3 f5 25. exf6 gxf6 26. Rh5 1-0


[Site "https://www.chess.com"]

[Event "Titled Tuesday Blitz May 2 Early 2023"]
[White "Clawitter, Craig"]
[Black "Liu, Casper"]
[WhiteFideId "2023105"]
[BlackFideId "1454153"]
[WhiteElo "2050"]
[BlackElo "2221"]
[Result "0-1"]
[Round "03"]
[TimeControl "180+2"]
[Date "2023.05.02"]
[WhiteClock "0:00:01"]
[BlackClock "0:00:27"]

1. e4 c5 2. Nf3 d6 3. d4 cxd4 4. Nxd4 Nf6 5. Nc3 Nc6 6. Be3 e5 7. Ndb5 a6 8. Na3 b5 9. Nd5 Nxd5 10. exd5 Ne7 11. c4 f5 12. f4 exf4 13. Bxf4 Ng6 14. Qh5 Be7 15. Bd3 O-O 16. O-O Qb6+ 17. Kh1 Qd4 18. Qe2 Nxf4 19. Rxf4 Qxf4 20. Qxe7 b4 21. Nc2 Qd2 22. Ne1 Qxb2 23. Rb1 Qe5 24. Qxe5 dxe5 25. Rxb4 e4 26. Be2 Bd7 27. c5 Rab8 28. a3 a5 29. Rd4 Rb1 30. Rd1 Rxd1 31. Bxd1 Bb5 32. Kg1 Rd8 33. Kf2 Rxd5 34. Bb3 Bc6 35. Nc2 Kf8 36. Bxd5 Bxd5 37. Ne3 Be6 38. g3 g5 39. Ke2 Ke7 40. Kd2 Kd7 41. Kc3 Kc6 42. Kd4 f4 43. gxf4 gxf4 44. Nd1 e3 45. Nc3 Bg4 0-1


[Site "https://www.chess.com"]

[Event "Titled Tuesday Blitz May 2 Early 2023"]
[White "Bouget, Alexandre"]
[Black "Floresvillar Gonzalez, Luis Migu"]
[WhiteFideId "681318"]
[BlackFideId "5100542"]
[WhiteElo "2182"]
[BlackElo "2040"]
[Result "1-0"]
[Round "03"]
[TimeControl "180+2"]
[Date "2023.05.02"]
[WhiteClock "0:00:44"]
[BlackClock "0:00:01"]

1. d4 e6 2. c4 Be7 3. Nc3 Nf6 4. e4 d6 5. f4 c5 6. d5 exd5 7. cxd5 O-O 8. Nf3 a6 9. a4 Bg4 10. Bd3 Re8 11. h3 Bxf3 12. Qxf3 Nbd7 13. O-O b5 14. axb5 axb5 15. Rxa8 Qxa8 16. Bxb5 Rb8 17. Bc6 Qa7 18. Kh1 g6 19. Nd1 Nh5 20. Ne3 Bf6 21. Nc4 Qc7 22. Bxd7 Qxd7 23. e5 dxe5 24. fxe5 Bg7 25. g4 Rb4 26. b3 Rxb3 27. Qxb3 Qxd5+ 28. Qf3 Ng3+ 29. Kg2 Qxc4 30. Kxg3 Bxe5+ 31. Bf4 Bxf4+ 32. Qxf4 Qd3+ 33. Kh4 Qd7 34. Kg5 Qe7+ 35. Qf6 Qe3+ 36. Rf4 Qb3 37. h4 Qd5+ 38. Kh6 Kf8 39. Kxh7 c4 40. Rd4 1-0


[Site "https://www.chess.com"]

[Event "Titled Tuesday Blitz May 2 Early 2023"]
[White "Yonal, Timur"]
[Black "Bashkansky, Ethan"]
[WhiteFideId "44115725"]
[BlackFideId "2071533"]
[WhiteElo "1966"]
[BlackElo "2101"]
[Result "0-1"]
[Round "03"]
[TimeControl "180+2"]
[Date "2023.05.02"]
[WhiteClock "0:01:42"]
[BlackClock "0:00:52"]

1. e4 c6 2. d4 d5 3. exd5 cxd5 4. Bd3 Nf6 5. c3 Nc6 6. Nf3 Bg4 7. O-O Qc7 8. Na3 e6 9. h3 Bh5 10. Re1 Bxa3 11. bxa3 O-O 12. a4 e5 13. dxe5 Nxe5 14. Be2 Bxf3 15. Bxf3 Qxc3 16. Bg5 Nxf3+ 17. Qxf3 Qxf3 18. gxf3 Rfe8 19. Red1 Rad8 20. Rab1 Rd7 21. Rb5 Red8 22. Rd4 h6 23. Bxf6 gxf6 24. Rc5 Kg7 25. Kg2 f5 26. f4 Kf6 27. Kf3 Ke6 28. Rdxd5 Rxd5 0-1


[Site "https://www.chess.com"]

[Event "Titled Tuesday Blitz May 2 Early 2023"]
[White "Ruge, Edison"]
[Black "Vedder, Richard"]
[WhiteFideId "4401000"]
[BlackFideId "1004166"]
[WhiteElo "2175"]
[BlackElo "2168"]
[Result "0-1"]
[Round "03"]
[TimeControl "180+2"]
[Date "2023.05.02"]
[WhiteClock "0:00:02"]
[BlackClock "0:00:50"]

1. e4 e5 2. Nf3 Nc6 3. Bb5 a6 4. Ba4 Nf6 5. Qe2 d6 6. h3 g6 7. Bxc6+ bxc6 8. d4 exd4 9. Nxd4 Bd7 10. e5 dxe5 11. Qxe5+ Qe7 12. Qxe7+ Bxe7 13. O-O O-O 14. Bg5 Kg7 15. Re1 Bd6 16. Nc3 Rfe8 17. Nb3 h6 18. Bd2 Nd5 19. Ne4 Bf8 20. Nec5 Bf5 21. c4 Nb6 22. Rac1 Red8 23. Bc3+ Kg8 24. Nb7 Re8 25. N7a5 c5 26. Nb7 Na4 27. Bf6 Rab8 28. N7a5 Bd3 29. Nc6 Ra8 30. Ne7+ Kh7 31. Nd5 Rxe1+ 32. Rxe1 Bxc4 33. Nxc7 Rc8 34. Re8 Rxe8 35. Nxe8 g5 36. Nc7 Kg6 37. Be5 f6 38. Bc3 Bd6 39. Na8 Be5 40. Bxe5 fxe5 41. Na5 Bxa2 42. b3 Nc3 43. Nc7 Ne2+ 44. Kh2 Nc1 45. Nxa6 Nxb3 46. Nxb3 Bxb3 47. Nxc5 Bd5 48. f3 Kf5 49. Kg3 h5 50. Kf2 h4 51. Ke3 Ba8 52. Ne4 Bd5 53. Nf2 Bc4 54. Ne4 Bf1 0-1


[Site "https://www.chess.com"]

[Event "Titled Tuesday Blitz May 2 Early 2023"]
[White "Vaglio Munoz, Jaime"]
[Black "Ciuffoletti, Paolo"]
[WhiteFideId "6500145"]
[BlackFideId "807630"]
[WhiteElo "2199"]
[BlackElo "2143"]
[Result "0-1"]
[Round "03"]
[TimeControl "180+2"]
[Date "2023.05.02"]
[WhiteClock "0:00:23"]
[BlackClock "0:00:21"]

1. Nf3 d5 2. b4 Nf6 3. Bb2 g6 4. Bxf6 exf6 5. d4 Bxb4+ 6. c3 Be7 7. g3 Bg4 8. Qb3 b6 9. Bg2 O-O 10. h3 Be6 11. Nbd2 Nc6 12. a4 Na5 13. Qb5 c5 14. O-O a6 15. Qb1 Rb8 16. Re1 b5 17. axb5 axb5 18. e4 dxe4 19. Nxe4 Nc4 20. dxc5 Qc7 21. Nd4 Bxc5 22. Nxf6+ Kg7 23. Ne4 Bd5 24. Nxc5 Qxc5 25. Qc1 Bxg2 26. Kxg2 Rfe8 27. Qf4 Qd5+ 28. Kg1 Ne5 29. Ra7 Nd3 30. Nf5+ Qxf5 31. Rxe8 Nxf4 32. Ree7 Nxh3+ 33. Kg2 Qxf2+ 34. Kxh3 Qf5+ 35. Kg2 Rd8 36. Re2 Rd3 37. Rf2 Qe4+ 38. Kh2 Qg4 39. Rfxf7+ Kh6 40. Rxh7+ Kg5 41. Rh3 Rd2+ 42. Kg1 Qd1# 0-1


[Site "https://www.chess.com"]

[Event "Titled Tuesday Blitz May 2 Early 2023"]
[White "Kiseljova, Marya"]
[Black "Donskov, Anatoly"]
[WhiteFideId "4155009"]
[BlackFideId "24143413"]
[WhiteElo "1851"]
[BlackElo "2247"]
[Result "0-1"]
[Round "03"]
[TimeControl "180+2"]
[Date "2023.05.02"]
[WhiteClock "0:00:03"]
[BlackClock "0:00:43"]

1. d4 d5 2. c4 dxc4 3. Nf3 Nf6 4. e3 e6 5. Bxc4 c5 6. O-O a6 7. a4 cxd4 8. Nxd4 Be7 9. Nc3 O-O 10. Qf3 Nbd7 11. Rd1 Ne5 12. Qe2 Nxc4 13. Nxe6 Bxe6 14. Rxd8 Rfxd8 15. b3 Ne5 16. Rb1 Rac8 17. Bd2 Bb4 18. f4 Bg4 19. Qf2 Bxc3 20. fxe5 Rxd2 21. Qf4 Be6 22. exf6 Bxf6 23. Rf1 h6 24. e4 Rcc2 25. Qb8+ Kh7 26. Qg3 Bd4+ 27. Kh1 Rxg2 28. Qxg2 Rxg2 29. Kxg2 Bxb3 30. Rb1 Bxa4 31. Rxb7 f6 32. Rd7 Bxd7 0-1


[Site "https://www.chess.com"]

[Event "Titled Tuesday Blitz May 2 Early 2023"]
[White "Gracia Alvarez, Gerardo Antonio"]
[Black "Acikel, Mert"]
[WhiteFideId "5109124"]
[BlackFideId "12956465"]
[WhiteElo "2160"]
[BlackElo "2097"]
[Result "1-0"]
[Round "03"]
[TimeControl "180+2"]
[Date "2023.05.02"]
[WhiteClock "0:01:30"]
[BlackClock "0:00:24"]

1. e4 e5 2. Nc3 Nf6 3. d4 exd4 4. Qxd4 Nc6 5. Qd3 Bb4 6. Bd2 d6 7. O-O-O O-O 8. Nge2 Re8 9. Bg5 h6 10. Bxf6 Qxf6 11. Nd5 Qd8 12. Nxb4 Nxb4 13. Qd2 a5 14. a3 Nc6 15. Nc3 Be6 16. f3 Qf6 17. h4 g6 18. Be2 Kg7 19. g4 Qe7 20. f4 Bd7 21. Nd5 Qd8 22. Qc3+ 1-0


[Site "https://www.chess.com"]

[Event "Titled Tuesday Blitz May 2 Early 2023"]
[White "Matveeva, Olga"]
[Black "Vargas Rodriguez, Wilver"]
[WhiteFideId "24107018"]
[BlackFideId "3509672"]
[WhiteElo "2056"]
[BlackElo "2224"]
[Result "1-0"]
[Round "03"]
[TimeControl "180+2"]
[Date "2023.05.02"]
[WhiteClock "0:00:02"]
[BlackClock "0:00:01"]

1. d4 d5 2. c4 dxc4 3. Nf3 e6 4. e3 c5 5. Bxc4 cxd4 6. exd4 Nf6 7. O-O Be7 8. Nc3 O-O 9. Bg5 Nbd7 10. Qd3 b6 11. Rad1 Bb7 12. Rfe1 Rc8 13. Bb3 Qc7 14. Ne5 Rfd8 15. Qh3 Nf8 16. Nxf7 Kxf7 17. Bxe6+ Nxe6 18. Qxe6+ Kf8 19. d5 Rd6 20. Qf5 Qd7 21. Qf3 Kg8 22. Bf4 Rxd5 23. Nxd5 Nxd5 24. Be5 Qc6 25. Qg3 Bf8 26. h3 Re8 27. Bd4 Rxe1+ 28. Rxe1 Nf6 29. Bxf6 Qxf6 30. Qb3+ Qf7 31. Qe3 Bc5 32. Qg3 h6 33. Qb8+ Kh7 34. Qg3 Bc6 35. Rd1 Be4 36. Re1 Bg6 37. a3 a5 38. Rd1 h5 39. Re1 Qf6 40. Rd1 h4 41. Qf3 Qxf3 42. gxf3 Bh5 43. Kg2 Kg6 44. Rd5 Kh6 45. Re5 Bf7 46. Rf5 Be6 47. Re5 Bf7 48. Rf5 Bg6 49. Re5 Bc2 50. Re6+ g6 51. b4 axb4 52. axb4 Bd4 53. Rd6 Bg7 54. Rxb6 Kg5 55. Rb8 1-0


[Site "https://www.chess.com"]

[Event "Titled Tuesday Blitz May 2 Early 2023"]
[White "Seder, Mohammed"]
[Black "Sailer, Mike"]
[WhiteFideId "11505567"]
[BlackFideId "2012901"]
[WhiteElo "1862"]
[BlackElo "2109"]
[Result "1-0"]
[Round "03"]
[TimeControl "180+2"]
[Date "2023.05.02"]
[WhiteClock "0:00:22"]
[BlackClock "0:01:00"]

1. e4 d5 2. exd5 Qxd5 3. Nc3 Qd6 4. d4 Nf6 5. Bc4 c6 6. Be3 Bf5 7. Nge2 e6 8. O-O Be7 9. f3 O-O 10. Qd2 Nbd7 11. a3 Nb6 12. Bd3 Bxd3 13. Qxd3 Nbd5 14. Bd2 Nxc3 15. Nxc3 Rad8 16. Be3 Nd5 17. Ne4 Qc7 18. Bd2 h6 19. Kh1 Nf4 20. Qe3 g5 21. c4 b5 22. b3 a5 23. a4 bxc4 24. bxc4 Qd7 25. Bc3 Bb4 26. Nf6+ 1-0


[Site "https://www.chess.com"]

[Event "Titled Tuesday Blitz May 2 Early 2023"]
[White "Cramling Bellon, Anna"]
[Black "Rodriguez Santiago, Jaime"]
[WhiteFideId "32009232"]
[BlackFideId "3100898"]
[WhiteElo "1972"]
[BlackElo "2025"]
[Result "1-0"]
[Round "03"]
[TimeControl "180+2"]
[Date "2023.05.02"]
[WhiteClock "0:00:03"]
[BlackClock "0:00:13"]

1. d4 Nf6 2. c4 e6 3. Nc3 d5 4. cxd5 exd5 5. Bg5 c6 6. e3 Be7 7. Qc2 Nbd7 8. Bd3 O-O 9. Nf3 Re8 10. O-O Nf8 11. Ne5 h6 12. Bh4 N6d7 13. Bg3 Nxe5 14. Bxe5 Nd7 15. Bg3 Nf6 16. Rab1 a5 17. a3 b5 18. Nxb5 cxb5 19. Bxb5 Bd7 20. Bd3 a4 21. Rfc1 Rc8 22. Bc7 Rxc7 23. Qxc7 Qa8 24. Qg3 Be6 25. Rc2 Ne4 26. Bxe4 dxe4 27. Rbc1 Qa5 28. Qe5 Qa8 29. g3 Bf6 30. Qb5 Rb8 31. Qc5 Kh7 32. Qd6 Rb7 33. Qf4 Qa5 34. Qxe4+ Bf5 35. Qxb7 Bxc2 36. Rxc2 Qe1+ 37. Kg2 Qd1 38. Qe4+ g6 39. Rc7 Kg7 40. Qd5 Qb3 41. Rxf7+ Kg8 42. Qxb3 axb3 43. Rxf6 Kg7 44. Rb6 1-0


[Site "https://www.chess.com"]

[Event "Titled Tuesday Blitz May 2 Early 2023"]
[White "Quirke, Jeffrey"]
[Black "Bayasgalan, Khishigbaatar"]
[WhiteFideId "2013029"]
[BlackFideId "4904311"]
[WhiteElo "2007"]
[BlackElo "2057"]
[Result "0-1"]
[Round "03"]
[TimeControl "180+2"]
[Date "2023.05.02"]
[WhiteClock "0:00:25"]
[BlackClock "0:01:02"]

1. e4 c5 2. Nc3 g6 3. f4 Bg7 4. Nf3 e6 5. e5 Ne7 6. Ne4 O-O 7. d4 cxd4 8. Nxd4 b6 9. Nd6 Ba6 10. Bxa6 Nxa6 11. O-O Nc7 12. c4 Nc8 13. N4b5 Nxd6 14. Nxd6 f6 15. Qe2 fxe5 16. fxe5 Qh4 17. Bd2 Qd4+ 18. Kh1 Qxe5 19. Qxe5 Bxe5 20. Ne4 d5 21. cxd5 exd5 22. Ng5 Bxb2 23. Rae1 Rxf1+ 24. Rxf1 Rf8 25. Re1 Bf6 26. Nf3 Re8 27. Rc1 Ne6 28. h3 Nc5 29. Bb4 Nd3 30. Rb1 Nxb4 31. Rxb4 Re4 32. Rb5 d4 33. Rd5 Re2 34. Nxd4 Rd2 0-1


[Site "https://www.chess.com"]

[Event "Titled Tuesday Blitz May 2 Early 2023"]
[White "Cueto, Jonny"]
[Black "Buscar, Michael"]
[WhiteFideId "3300145"]
[BlackFideId "2603616"]
[WhiteElo "2234"]
[BlackElo "2010"]
[Result "1-0"]
[Round "03"]
[TimeControl "180+2"]
[Date "2023.05.02"]
[WhiteClock "0:00:14"]
[BlackClock "0:00:05"]

1. d4 d5 2. Nf3 Nf6 3. c4 e6 4. g3 c5 5. Bg2 Nc6 6. O-O Be7 7. cxd5 exd5 8. dxc5 Bxc5 9. a3 O-O 10. b4 Be7 11. Bb2 Ne4 12. Nfd2 Bf5 13. Nxe4 Bxe4 14. Bxe4 dxe4 15. Nd2 f5 16. Qb3+ Kh8 17. Rfd1 Qe8 18. Nc4 Qh5 19. b5 Nd8 20. Rd7 Bf6 21. Bxf6 Rxf6 22. Rad1 Ne6 23. Ne5 Raf8 24. R7d6 Qxe2 25. Nd7 Ng5 26. Nxf6 gxf6 27. Rd8 Rxd8 28. Rxd8+ Kg7 29. Qd1 Qxb5 30. Qd7+ Qxd7 31. Rxd7+ Kg6 32. Rxb7 a5 33. Ra7 Nf3+ 34. Kh1 Kg5 35. Rxa5 Kg4 36. Ra6 1-0


[Site "https://www.chess.com"]

[Event "Titled Tuesday Blitz May 2 Early 2023"]
[White "Hartikainen, Jarmo"]
[Black "Li, Hui"]
[WhiteFideId "503134"]
[BlackFideId "15400310"]
[WhiteElo "2108"]
[BlackElo "1967"]
[Result "0-1"]
[Round "03"]
[TimeControl "180+2"]
[Date "2023.05.02"]
[WhiteClock "0:00:03"]
[BlackClock "0:00:30"]

1. e4 e5 2. Nf3 Nf6 3. d4 exd4 4. e5 Ne4 5. Qxd4 d5 6. exd6 Nxd6 7. Nc3 Nc6 8. Qf4 Nf5 9. Bb5 Bd6 10. Qe4+ Qe7 11. Bxc6+ bxc6 12. Qxe7+ Nxe7 13. O-O O-O 14. Be3 Nd5 15. Bd4 Bf5 16. Nxd5 cxd5 17. c3 Rfe8 18. Rfe1 f6 19. h3 a5 20. Be3 Be4 21. Nd2 Bg6 22. Nb3 a4 23. Nc5 a3 24. b4 c6 25. Bd4 Bxc5 26. Bxc5 Bd3 27. f3 Bc4 28. Kf2 Rxe1 29. Kxe1 Re8+ 30. Kf2 Re2+ 31. Kg3 Rxa2 32. Rxa2 Bxa2 33. b5 cxb5 34. Bxa3 Kf7 35. Kf2 Bc4 36. Bc5 Ke6 37. g4 g5 38. Ke3 Bf1 39. Kf2 Bxh3 40. Bd4 f5 41. Kg3 fxg4 42. fxg4 Bf1 43. Kf3 Bd3 44. Kg3 Be4 45. Bg7 Kf7 46. Bd4 Kg6 47. Bc5 h5 48. gxh5+ Kxh5 49. Bd4 Kg6 50. Be5 Kf5 51. Bd4 Bc2 52. Bg7 Bd1 53. Bh8 Ke4 54. Bf6 g4 55. Bg7 Kd3 56. Kf2 Kc4 57. Ke1 Bf3 58. Kf2 b4 59. cxb4 Kxb4 60. Be5 Kc4 61. Ke3 Bd1 62. Kd2 Ba4 63. Ke3 Bd7 64. Bd4 Bc8 65. Ba7 Bf5 66. Bb6 Be4 67. Ba7 g3 68. Bb6 g2 69. Kf2 d4 70. Bd8 d3 71. Bg5 Kc3 72. Bf6+ Kc2 73. Bg5 d2 74. Bxd2 Kxd2 75. Kg1 Ke3 76. Kh2 Kf2 77. Kh3 g1=Q 0-1


[Site "https://www.chess.com"]

[Event "Titled Tuesday Blitz May 2 Early 2023"]
[White "James, Stuart"]
[Black "Gheorghiu, Calin"]
[WhiteFideId "7400489"]
[BlackFideId "1200305"]
[WhiteElo "1950"]
[BlackElo "2223"]
[Result "0-1"]
[Round "03"]
[TimeControl "180+2"]
[Date "2023.05.02"]
[WhiteClock "0:01:38"]
[BlackClock "0:01:05"]

1. e4 c5 2. Nf3 d6 3. Bb5+ Nd7 4. O-O Nf6 5. Re1 a6 6. Bf1 e5 7. c3 Be7 8. d4 O-O 9. h3 b5 10. a4 Bb7 11. Bd3 Re8 12. Qb3 exd4 13. axb5 axb5 14. Rxa8 Qxa8 15. cxd4 c4 16. Qxb5 cxd3 17. e5 Bc6 18. Qxd3 dxe5 19. dxe5 Nc5 20. Qc3 Nd5 21. Qc4 Nb6 22. Qg4 Bxf3 23. gxf3 Nd3 24. Bh6 Bf8 25. Rd1 Nxe5 0-1


[Site "https://www.chess.com"]

[Event "Titled Tuesday Blitz May 2 Early 2023"]
[White "Ansh M Shah"]
[Black "Flis, Pawel"]
[WhiteFideId "25033379"]
[BlackFideId "1112864"]
[WhiteElo "2084"]
[BlackElo "1822"]
[Result "1-0"]
[Round "03"]
[TimeControl "180+2"]
[Date "2023.05.02"]
[WhiteClock "0:00:21"]
[BlackClock "0:00:13"]

1. d4 c5 2. d5 Nf6 3. Nc3 e6 4. e4 d6 5. dxe6 Bxe6 6. Nge2 Nc6 7. Nf4 Bg4 8. f3 Bd7 9. Be3 Be7 10. Nfd5 Nxd5 11. Nxd5 O-O 12. c3 Bh4+ 13. g3 Bg5 14. Qd2 Bxe3 15. Nxe3 Ne5 16. Bg2 Bh3 17. O-O-O Bxg2 18. Qxg2 Qa5 19. Kb1 Rfd8 20. f4 Nc6 21. Nc4 Qa6 22. Nxd6 Nb4 23. cxb4 Rxd6 24. bxc5 Rd3 25. Rxd3 Qxd3+ 26. Qc2 Qe3 27. Rd1 g6 28. a3 a5 29. Rd7 Rc8 30. Qc4 Rf8 31. Rxb7 Qg1+ 32. Ka2 Qxh2 33. c6 Qxg3 34. c7 Qxf4 35. c8=Q Rxc8 36. Qxc8+ Kg7 37. Qc3+ Kh6 38. Qc4 f5 39. Qf7 Qxe4 40. Qxh7+ Kg5 41. Qe7+ Kf4 42. Qh4+ Kf3 43. Rb3+ Ke2 44. Qh2+ Kd1 45. Qg1+ Ke2 46. Qxg6 a4 47. Qh5+ Kd2 48. Qh2+ Kd1 49. Qg1+ Ke2 50. Rc3 Qd5+ 51. Ka1 f4 52. Rc2+ Kd3 53. Qd1+ Ke4 54. Re2+ Kf3 55. Qxd5+ Kxe2 56. Qc4+ Ke3 57. Qxa4 f3 58. Qa7+ Ke2 59. a4 f2 60. Qxf2+ Kxf2 61. a5 Ke3 62. a6 Kd4 63. a7 Kc5 64. a8=Q Kd4 65. Qa3 Ke4 66. Qc3 Kd5 67. b4 Ke6 68. b5 Kd5 69. b6 Ke4 70. b7 Kf4 71. Qc7+ Kf5 72. b8=Q Ke6 73. Qbb6+ Kd5 74. Qcc5+ Ke4 75. Qbb4+ Kf3 76. Qcc3+ Ke2 77. Qbb2+ Kf1 78. Qcc1# 1-0


[Site "https://www.chess.com"]

[Event "Titled Tuesday Blitz May 2 Early 2023"]
[White "Pandey Srishti"]
[Black "AKINSEYE, Akinleye"]
[WhiteFideId "35093290"]
[BlackFideId "8504458"]
[WhiteElo "2083"]
[BlackElo "1906"]
[Result "1-0"]
[Round "03"]
[TimeControl "180+2"]
[Date "2023.05.02"]
[WhiteClock "0:02:50"]
[BlackClock "0:00:14"]

1. e4 d5 2. exd5 Qxd5 3. Nc3 Qd8 4. Nf3 Nf6 5. d4 g6 6. Bc4 Bg7 7. O-O O-O 8. h3 a6 9. a4 b6 10. Re1 Bb7 11. Ne5 Nbd7 12. Bf4 e6 1-0


[Site "https://www.chess.com"]

[Event "Titled Tuesday Blitz May 2 Early 2023"]
[White "Makhmudov, Shukhrat"]
[Black "Castillo Pena, Patricia Evarista"]
[WhiteFideId "14200775"]
[BlackFideId "6412106"]
[WhiteElo "2135"]
[BlackElo "1919"]
[Result "1-0"]
[Round "03"]
[TimeControl "180+2"]
[Date "2023.05.02"]
[WhiteClock "0:00:44"]
[BlackClock "0:00:01"]

1. e4 c5 2. Nf3 d6 3. d4 cxd4 4. Nxd4 Nf6 5. Nc3 a6 6. h3 e5 7. Nf3 Be7 8. Bc4 Be6 9. Bb3 O-O 10. O-O Nbd7 11. Re1 Nc5 12. Bg5 Rc8 13. Bxf6 Bxf6 14. Bd5 b5 15. a3 Qb6 16. Qd2 h6 17. Rad1 Rfd8 18. Qe3 Qc7 19. Na2 Na4 20. Bxe6 fxe6 21. Qb3 Qc4 22. Qxc4 Rxc4 23. b3 Rxc2 24. Nb4 Rb2 25. bxa4 bxa4 26. Nxa6 Rb3 27. Re3 Ra8 28. Rxd6 Rxe3 29. fxe3 Kf7 30. Nb4 Rc8 31. Ra6 Rc3 32. Rxa4 Rxe3 33. Kf2 Rb3 34. Nc6 Rb2+ 35. Kg3 Rb3 36. Nxe5+ Bxe5+ 37. Kf2 Bd6 38. Ra7+ Kg6 39. Ra6 Bxa3 40. Rxe6+ Kf7 41. Rc6 Bc5+ 42. Rxc5 Rb2+ 43. Kg3 Rb3 44. Rc6 Kg8 45. Kf4 g5+ 46. Kf5 Rb5+ 47. Ne5 1-0


[Site "https://www.chess.com"]

[Event "Titled Tuesday Blitz May 2 Early 2023"]
[White "Smith, Shreyas"]
[Black "Tsyhanchuk, Stanislav"]
[WhiteFideId "7400713"]
[BlackFideId "13505130"]
[WhiteElo "2151"]
[BlackElo "2173"]
[Result "0-1"]
[Round "03"]
[TimeControl "180+2"]
[Date "2023.05.02"]
[WhiteClock "0:00:01"]
[BlackClock "0:00:21"]

1. e4 c5 2. Nf3 d6 3. Bb5+ Nd7 4. a4 e5 5. O-O g6 6. Nc3 Bg7 7. d3 h6 8. a5 a6 9. Bc4 Ngf6 10. Re1 O-O 11. Nd2 b5 12. axb6 Nxb6 13. Nf1 d5 14. exd5 Nfxd5 15. Nxd5 Nxd5 16. Ne3 Bb7 17. Nxd5 Bxd5 18. Bxd5 Qxd5 19. Ra5 Qd6 20. Be3 Rfc8 21. Qf3 f5 22. Rxc5 f4 23. Rd5 Qb4 24. c3 Qxb2 25. Bc1 Qxc3 26. Qd1 Kh7 27. Rd7 Qc6 28. Re7 Rd8 29. h3 Rd5 30. Bb2 Re8 31. Rxe8 Qxe8 32. Qb3 Qd7 33. d4 exd4 34. Qd3 Qb5 35. Qe4 Re5 36. Qb1 Rxe1+ 37. Qxe1 Qxb2 38. Qe7 d3 39. Kh2 d2 0-1


[Site "https://www.chess.com"]

[Event "Titled Tuesday Blitz May 2 Early 2023"]
[White "Vasques, Antonio Pedro Freixial"]
[Black "Vargas, Mauricio"]
[WhiteFideId "1908332"]
[BlackFideId "4404572"]
[WhiteElo "2212"]
[BlackElo "1998"]
[Result "1-0"]
[Round "03"]
[TimeControl "180+2"]
[Date "2023.05.02"]
[WhiteClock "0:01:40"]
[BlackClock "0:01:31"]

1. e4 d5 2. exd5 Qxd5 3. Nc3 Qa5 4. Bc4 Nf6 5. Nf3 Bg4 6. h3 Bh5 7. d4 e6 8. g4 Bg6 9. Ne5 Bd6 10. Qe2 O-O 11. Bd2 Qb6 12. O-O-O Qxd4 13. f4 Bxe5 14. fxe5 Nd5 15. Bxd5 Qxd5 16. Nxd5 exd5 17. h4 h6 18. h5 Be4 19. g5 hxg5 20. Bxg5 Nd7 21. h6 g6 22. h7+ Kh8 23. Qxe4 dxe4 24. Rxd7 f5 25. Bf6+ Rxf6 26. exf6 Rf8 27. Rg7 f4 28. Rxg6 f3 29. f7 e3 30. Rg8+ Rxg8 31. fxg8=Q# 1-0


[Site "https://www.chess.com"]

[Event "Titled Tuesday Blitz May 2 Early 2023"]
[White "Nakamura, Hikaru"]
[Black "Quesada Perez, Yuniesky"]
[WhiteFideId "2016192"]
[BlackFideId "3504409"]
[WhiteElo "2885"]
[BlackElo "2585"]
[Result "1-0"]
[Round "04"]
[TimeControl "180+2"]
[Date "2023.05.02"]
[WhiteClock "0:00:09"]
[BlackClock "0:00:16"]

1. Nf3 d5 2. e3 Nf6 3. c4 c6 4. d4 e6 5. Bd3 Nbd7 6. Nbd2 Be7 7. e4 dxe4 8. Nxe4 Nxe4 9. Bxe4 Nf6 10. Bc2 c5 11. O-O O-O 12. b3 b6 13. dxc5 Qxd1 14. Rxd1 Bxc5 15. Bb2 Bb7 16. Ne5 Rfd8 17. Kf1 Kf8 18. f3 Ke7 19. Ke2 h6 20. Nd3 Bd6 21. g3 g5 22. Nf2 Bc5 23. Bc3 Rac8 24. Rac1 Ba3 25. Rxd8 Rxd8 26. Rf1 Bc5 27. Nd3 Bd6 28. Bb2 Nd7 29. f4 g4 30. Ke3 Nc5 31. Ne5 f5 32. Rd1 Ne4 33. Bxe4 Bxe4 34. Nxg4 Bc2 35. Bf6+ Kf7 36. Bxd8 Bxd1 37. Nxh6+ Kg6 38. Ng8 Kf7 39. Nf6 Bc2 40. Nh7 Bb1 41. Kd2 e5 42. fxe5 Bxe5 43. Ng5+ Kg6 44. Nf3 Bd6 45. Kc3 Be4 46. Nh4+ Kf7 47. Bg5 Be5+ 48. Kb4 Bc6 49. Nxf5 a5+ 50. Ka3 Be4 51. Ne3 Bd6+ 52. Kb2 Be5+ 53. Kc1 Bd4 54. Bf4 Kg6 55. Nc2 Bc5 56. Be3 1-0


[Site "https://www.chess.com"]

[Event "Titled Tuesday Blitz May 2 Early 2023"]
[White "Asis Gargatagli, Hipolito"]
[Black "Paravyan, David"]
[WhiteFideId "2260735"]
[BlackFideId "4194985"]
[WhiteElo "2557"]
[BlackElo "2563"]
[Result "1/2-1/2"]
[Round "04"]
[TimeControl "180+2"]
[Date "2023.05.02"]
[WhiteClock "0:00:12"]
[BlackClock "0:00:06"]

1. e4 e5 2. Nf3 Nf6 3. Nxe5 d6 4. Nf3 Nxe4 5. d4 d5 6. Bd3 Be7 7. O-O Bf5 8. Re1 O-O 9. Nbd2 Nd6 10. Bxf5 Nxf5 11. Nf1 c6 12. Qd3 Nd6 13. Bf4 Na6 14. h4 Nc7 15. Ng5 g6 16. Nh2 Qd7 17. h5 Bxg5 18. Bxg5 Ne4 19. Bh6 Rfe8 20. f3 Nf6 21. hxg6 hxg6 22. Bg5 Qd6 23. Qd2 Nh5 24. Ng4 Rxe1+ 25. Rxe1 Ne6 26. Nf6+ Nxf6 27. Bxf6 Ng7 28. Qg5 Re8 29. Rxe8+ Nxe8 30. Be5 Qf8 31. Qd8 f6 32. Bg3 Qf7 33. b4 a6 34. a4 Kg7 35. a5 Kh7 36. c3 Ng7 37. Qb8 Ne6 38. Bd6 Qd7 39. Bg3 g5 40. Kf2 Kg7 41. Bd6 Kh7 42. Bg3 Kg7 43. Bd6 Kh7 44. Bg3 1/2-1/2


[Site "https://www.chess.com"]

[Event "Titled Tuesday Blitz May 2 Early 2023"]
[White "Fedoseev, Vladimir"]
[Black "Djordjevic, Vuk"]
[WhiteFideId "24130737"]
[BlackFideId "902098"]
[WhiteElo "2752"]
[BlackElo "2452"]
[Result "1-0"]
[Round "04"]
[TimeControl "180+2"]
[Date "2023.05.02"]
[WhiteClock "0:00:15"]
[BlackClock "0:00:09"]

1. e4 e6 2. d4 d5 3. Nd2 Be7 4. Bd3 c5 5. dxc5 Nf6 6. Qe2 a5 7. Ngf3 O-O 8. O-O Na6 9. exd5 Qxd5 10. c6 Qxc6 11. Ne5 Qc7 12. Ndf3 Nb4 13. Bf4 Nxd3 14. Nxd3 Bd6 15. Bxd6 Qxd6 16. Nde5 b5 17. Rfd1 Qc5 18. c3 Ba6 19. Qe3 Qc7 20. Nd4 Rfe8 21. a3 Nd5 22. Qg3 b4 23. axb4 axb4 24. c4 Nf6 25. Qe3 Rec8 26. b3 h6 27. h3 Bb7 28. Rxa8 Rxa8 29. Nb5 Qe7 30. Nd6 Ne8 31. Nexf7 Nxd6 32. Nxd6 Rd8 33. Qe5 Qf6 34. Qg3 Bc6 35. Rd3 Qa1+ 36. Kh2 Qb1 37. Nf5 exf5 38. Rxd8+ Kh7 39. Rd6 Qe4 40. Qg6+ Kg8 41. Rd8+ 1-0


[Site "https://www.chess.com"]